 Dungeon Crawl Stone Soup version 0.29.1-15-g9cfb28693d (webtiles) character file.

Game seed: 17616195675003840524

149 hawla the Firebug (level 5, 0/38 HPs)
             Began as a Meteoran Fire Elementalist on Mar 10, 2023.
             Slain by a black bear (2 damage)
             ... on level 5 of the Dungeon.
             The game lasted 00:04:37 (1208 turns).

hawla the Firebug (Meteoran Fire Elementalist)      Turns: 1208, Time: 00:04:39

Health: 0/38       AC:  4    Str:  9    XL:     5   Next: 89%
Magic:  6/11       EV: 13    Int: 22    God:
Gold:   141        SH:  0    Dex: 17    Spells: 8/11 levels left

rFire   . . .      SeeInvis .   o - +7 hand axe "Ligor" {speed, rPois Will- Int+3 Dex+3}
rCold   . . .      Faith    .   (no shield)
rNeg    . . .      Spirit   .   a - +1 robe
rPois   +          Reflect  .   n - +0 helmet
rElec   .          Harm     .   (no cloak)
rCorr   .          Rampage  .   (no gloves)
Will    .....                   (no boots)
Stlth   +.........              (no amulet)
HPRegen 0.12/turn               (no ring)
MPRegen 0.12/turn               (no ring)

@: mighty, glowing
A: sense surroundings 1, otherworldly, glowing, explore regen
a: no special abilities


You were on level 5 of the Dungeon.
You visited 1 branch of the dungeon, and saw 5 of its levels.

You collected 141 gold pieces.

Inventory:

Hand Weapons
 i - the +6 long sword "Opsiem" {vamp, rF+}
   (You found it on level 4 of the Dungeon)

   It occasionally heals its wielder for a portion of the damage dealt when it
   wounds a living foe.
   rF:        It protects you from fire.
 o - the +7 hand axe "Ligor" (weapon) {speed, rPois Will- Int+3 Dex+3}
   (You found it on level 5 of the Dungeon)

   Attacks with this weapon are significantly faster.
   Int:       It affects your intelligence (+3).
   Dex:       It affects your dexterity (+3).
   rPois:     It protects you from poison.
   Will:      It decreases your willpower.
Armour
 a - a +1 robe (worn)
 n - a +0 helmet (worn)
Wands
 d - a wand of flame (17) (quivered)
 q - a wand of paralysis (6)
Scrolls
 f - 2 scrolls of teleportation
 h - 2 scrolls of identify {unknown}
 j - 3 scrolls of butterflies {unknown}
 l - a scroll of noise {unknown}
 m - a scroll of poison {unknown}
Potions
 b - a potion of magic
 c - a potion of ambrosia {unknown}
 e - a potion of might
 g - 2 potions of curing {unknown}
 k - a potion of degeneration {unknown}
 p - a potion of brilliance {unknown}


   Skills:
 - Level 0.2 Fighting
 + Level 2.1 Long Blades
 - Level 2.7 Dodging
 - Level 1.4 Stealth
 - Level 3.6 Spellcasting
 - Level 1.9 Conjurations
 - Level 5.2 Fire Magic
 * Level 1.6 Evocations


You had 8 spell levels left.
You knew the following spells:

 Your Spells              Type           Power      Damage    Failure   Level
a - Foxfire               Conj/Fire      76%        2x1d7     2%          1
b - Scorch                Fire           54%        2d7       1%          2

Your spell library contained the following spells:

 Spells                   Type           Power      Damage    Failure   Level
 Conjure Flame            Conj/Fire      19%        6-21      8%          3
 Static Discharge         Conj/Air       8%         3-4/arc   12%         2
 Inner Flame              Hex/Fire       15%        N/A       12%         3
 Flame Wave               Conj/Fire      19%        2d7       26%         4
 Sticky Flame             Conj/Fire      19%        2d4       26%         4
 Dispel Undead            Necr           4%         3d7       75%         4
 Summon Lightning Spire   Summ/Air       4%         N/A       75%         4
 Storm Form               Tmut/Air       2%         N/A       100%        7
 Maxwell's Capacitive Co  Air            2%         ∞         100%        8


Dungeon Overview and Level Annotations

Branches:
Dungeon (5/15) Zot: 1785
 Temple: D:4-7

Altars:
Ashenzari
Gozag

Shops:
D:1 =   D:5 =

Annotations:
D:5 Dowan, Duvessa


Innate Abilities, Weirdness & Mutations

You passively map a small area around you.
You are easily found by Zot.
You glow in the dark.
You regain HP and MP as you explore.


Message History

The scorpion's fire resistance burns away.
The black bear bites you. The black bear claws you. x2
The scorpion closely misses you.
Casting: Scorch (safe; 2% risk of failure)
Confirm with . or Enter, or press ? or * to list all spells.
You conjure some foxfire!
The black bear bites you! The black bear barely misses you.
The black bear closely misses you. The scorpion closely misses you.
You hit the scorpion but do no damage.
The scorpion is moderately wounded.
The black bear is no longer more vulnerable to fire.
The foxfire hits the scorpion.
The scorpion is burned terribly!
The scorpion is heavily wounded.
The foxfire hits the scorpion but does no damage.
The scorpion is heavily wounded.
The black bear closely misses you. x2
The black bear claws you but does no damage.
The scorpion misses you. The black bear bites you. The black bear claws you.
The black bear claws you but does no damage.
You feel the dreadful sensation subside.
You feel clever.
You feel agile.
Your hands tingle!
o - the +7 hand axe "Ligor" (weapon)
{speed, rPois Will- Int+3 Dex+3} The scorpion stings you but does no damage.
You hit the scorpion.
The scorpion is almost dead.
You hit the black bear.
The scorpion is no longer more vulnerable to fire.
The black bear bites you. The black bear claws you.
* * * LOW HITPOINT WARNING * * *
The black bear closely misses you. The scorpion stings you.
* * * LOW HITPOINT WARNING * * *
It was a potion of might.
You feel very mighty all of a sudden. The scorpion stings you.
* * * LOW HITPOINT WARNING * * *
The black bear bites you.
* * * LOW HITPOINT WARNING * * *
The black bear claws you.
You die...

* , #.:...., *
,*##....... , ,
.#........
.........# ,
........## ,,# , #
#......>#, .# ,,
#..###......##.##
***
#....#....s@....#
#..##.....h.##.## ,
, .............#**
, ............#...#
,
,,................#
, ...............##
................#
....
.....##........##
.... .....
#......###


You could see a black bear and a scorpion.

Vanquished Creatures
  2 hounds
  Ijyb (D:3)
  An adder (D:3)
  2 ufetubi
  A worm (D:5)
  2 dart slugs
  An orc (D:4)
  6 endoplasms
  A giant cockroach (D:4)
  7 goblins
  2 hobgoblins
  A quokka (D:4)
  3 ball pythons
  2 frilled lizards (D:1)
  5 kobolds
  2 rats
39 creatures vanquished.

Vanquished Creatures (others)
  A frilled lizard (D:3)
  72 foxfires
73 creatures vanquished.

Grand Total: 112 creatures vanquished

Notes
Turn   | Place    | Note
-------+----------+-------------------------------------------
     0 | D:1      | hawla the Meteoran Fire Elementalist began the quest for
                  | the Orb.
     0 | D:1      | Reached XP level 1. HP: 14/14 MP: 5/5
   202 | D:1      | Reached XP level 2. HP: 20/20 MP: 5/7
   205 | D:1      | Learned a level 2 spell: Scorch
   207 | D:1      | Found Kuhucvec's Jewellery Shoppe.
   274 | D:2      | Reached skill level 4 in Fire Magic
   348 | D:3      | Reached XP level 3. HP: 25/26 MP: 3/8
   376 | D:3      | Reached XP level 4. HP: 30/33 MP: 0/10
   417 | D:3      | Found a broken altar of Ashenzari.
   430 | D:3      | Noticed Ijyb
   436 | D:3      | Killed Ijyb
   437 | D:3      | Reached skill level 5 in Fire Magic
   437 | D:3      | Reached XP level 5. HP: 33/38 MP: 4/11
   669 | D:4      | Identified the +6 long sword "Opsiem" {vamp, rF+}
   757 | D:4      | Reached skill level 1 in Evocations
  1090 | D:5      | Entered Level 5 of the Dungeon
  1090 | D:5      | Found Opriel's Jewellery Shop.
  1098 | D:5      | Identified the +7 hand axe "Ligor" {speed, rPois Will-
                  | Int+3 Dex+3}
  1156 | D:5      | Found an opulent altar of Gozag.
  1188 | D:5      | Noticed Duvessa
  1189 | D:5      | Noticed Dowan
  1196 | D:5      | Noticed a black bear
  1208 | D:5      | Slain by a black bear

Illustrated notes

Levels and vault maps discovered:
D:1:      nagdon_arrival_double_spiral, layout_basic, serial_shops,
          shop_fountains
D:2:      layout_basic, hellmonk_ecumenical_altar_pennies_from_heaven,
          minmay_goblin_outpost
D:3:      layout_rooms, mainiacjoe_overflow_tiny_flanked, serial_shops,
          nicolae_shop_hallway_stairs, uniq_ijyb, uniq_jessica
D:4:      layout_basic
D:5:      layout_cave_pools, overflow_temple_1_default, serial_shops, shop,
          chequers_arboretum, nicolae_stop_n_shop_1, uniq_duvessa

Skill      XL: |  1  2  3  4  5 |
---------------+----------------+-----
Spellcasting   | 3 |  3.6
Fire Magic     | 4 5 |  5.2
Long Blades    | 2 |  2.1
Evocations     | 1 |  1.6
Fighting       | |  0.2
Dodging        | |  2.7
Stealth        | |  1.4
Conjurations   | |  1.9

Action                   |  1- 3 |  4- 6 || total
-------------------------+-------+-------++-------
Melee: Unarmed           |     4 |     1 ||     5
       Long sword        |       |    25 ||    25
       Hand axe          |       |     1 ||     1
       Punch             |       |     1 ||     1
 Cast: Foxfire           |    25 |    16 ||    41
       Scorch            |       |     8 ||     8
  Use: Scroll            |     1 |     2 ||     3
       Potion            |       |     1 ||     1
Armor: Robe              |     1 |    16 ||    17
Dodge: Dodged            |    12 |    36 ||    48
